 Dungeon Crawl Stone Soup version 0.27-a0-797-g27d10ad80f (webtiles) character file.

Game seed: 4375590637150059916

723 polve the Slasher (level 7, -1/52 HPs)
             Began as a Demonspawn Abyssal Knight on Mar 27, 2021.
             Was a Priest of Lugonu.
             Killed from afar by a steam dragon (21 damage)
             ... with a ball of steam
             ... on level 5 of the Dungeon.
             The game lasted 00:08:11 (6070 turns).

polve the Slasher (Demonspawn Abyssal Knight)       Turns: 6070, Time: 00:08:11

Health: -1/52      AC: 10    Str: 12    XL:     7   Next: 43%
Magic:  8/8        EV: 11    Int: 15    God:    Lugonu [***...]
Gold:   277        SH:  0    Dex: 13    Spells: 1/6 levels left

rFire    . . .     SeeInvis .   m - +6 dagger (speed)
rCold    . . .     Faith    +   (no shield)
rNeg     . . .     Spirit   .   f - +0 ring mail
rPois    .         Reflect  .   n - +2 helmet
rElec    .         Harm     .   p - +1 cloak {Will+}
rCorr    .         Rampage  .   (no gloves)
Will     ++...                  (no boots)
Stlth    +.........             g - amulet of faith
HPRegen  0.17/turn              k - ring of willpower
MPRegen  0.11/turn              (no ring)

@: no status effects
A: sturdy frame 2
a: Renounce Religion, Depart the Abyss, Bend Space, Banish


You were on level 5 of the Dungeon.
You worshipped Lugonu.
Lugonu was most pleased with you.
You visited 1 branch of the dungeon, and saw 5 of its levels.
You visited the Abyss 1 time.

You collected 277 gold pieces.

Inventory:

Hand Weapons
 a - a +1 falchion
 m - a +6 dagger of speed (weapon)
Armour
 f - a +0 ring mail (worn)
 n - a +2 helmet (worn)
 p - a +1 cloak of willpower (worn)
Jewellery
 g - an amulet of faith (around neck)
 k - a ring of willpower (left hand)
 l - an amulet of regeneration
 o - a ring of wizardry
Wands
 j - a wand of acid (21)
Scrolls
 c - a scroll of identify
 d - a scroll of amnesia
 h - a scroll of enchant weapon
 i - 2 scrolls of teleportation
 q - a scroll of blinking
Potions
 b - a potion of cancellation
 r - a potion of flight


   Skills:
 - Level 3.0 Fighting
 - Level 7.6 Long Blades
 - Level 1.7 Armour
 - Level 0.8 Dodging
 + Level 0.4 Spellcasting
 + Level 1.0 Necromancy
 - Level 2.4 Invocations


You had one spell level left.
You knew the following spells:

 Your Spells              Type           Power      Damage    Failure   Level
a - Pain                  Necr           12%        1d4       21%         1
b - Animate Dead          Necr           1%         N/A       89%         4

Your spell library contained the following spells:

 Spells                   Type           Power      Damage    Failure   Level
 Animate Skeleton         Necr           6%         N/A       21%         1
 Magic Dart               Conj           0%         1d3       30%         1
 Blink                    Tloc           N/A        N/A       41%         2
 Call Imp                 Summ           0%         N/A       41%         2
 Searing Ray              Conj           0%         3d3       41%         2
 Slow                     Hex            0%         N/A       41%         2
 Vampiric Draining        Necr           1%         2d6       52%         3
 Conjure Flame            Conj/Fire      0%         6-21      65%         3
 Dazzling Flash           Conj/Hex       0%         N/A       65%         3
 Mephitic Cloud           Conj/Pois/Air  0%         N/A       65%         3
 Fulminant Prism          Conj/Hex       0%         3d6       96%         4
 Iskenderun's Mystic Bla  Conj/Tloc      0%         2d3       96%         4
 Agony                    Necr           3%         N/A       99%         5


Dungeon Overview and Level Annotations

Branches:
Dungeon (5/15)
 Temple: D:4-7

Altars:
Cheibriados
Elyvilon
Gozag
Makhleb
Ru
Vehumet
Yredelemnul
Zin


Innate Abilities, Weirdness & Mutations

Your movements are less encumbered by armour. (ER -4)


Message History

You hit the steam dragon but do no damage.
You hit the steam dragon.
The steam dragon is lightly wounded.
The steam dragon bites you but does no damage.
The steam dragon claws you but does no damage.
You hit the steam dragon but do no damage.
The steam dragon is lightly wounded.
You hit the steam dragon but do no damage.
The steam dragon is lightly wounded.
The steam dragon breathes steam at you. The ball of steam misses you.
You hear an angry buzzing noise. x4
You hit the steam dragon.
The steam dragon is moderately wounded.
The steam dragon bites you but does no damage.
The steam dragon claws you but does no damage.
A killer bee comes into view.
A killer bee comes into view.
The killer bee buzzes angrily.
A killer bee comes into view.
The steam dragon breathes steam at you. The ball of steam hits you!!
A killer bee comes into view.
You hear an angry buzzing noise.
You are engulfed in a cloud of scalding steam.
You are engulfed in a cloud of scalding steam.
* * * LOW HITPOINT WARNING * * *
Really walk into that cloud of steam?
Okay, then.
You feel better.
A killer bee comes into view.
The killer bee moves out of view.
The steam dragon breathes steam at you. The ball of steam hits you.
You are engulfed in a cloud of scalding steam.
There is a stone staircase leading up here.
You are engulfed in a cloud of scalding steam.
The steam dragon breathes steam at you. The ball of steam hits you!!
You die...

..#.#.#.#.
#.#..y....
#.#...⌠...
#########........_
#yy.yy.y..#...⌠...
#.#########..?....
#D# #.#.#.#. #§#
#....... #@#
##.§.### #.#
#.#.#.# #.#
......... #§#
....#.#.## #..
..... ?.. . ...
..... #.# # ...
.... #.# ....


You could see a steam dragon (catching breath).

Vanquished Creatures
  Sigmund (D:2)
  A scorpion (D:4)
  5 hounds
  An orc priest (D:3)
  Crazy Yiuf (D:3)
  Jessica (D:2)
  An orc wizard (D:3)
  Natasha (D:3)
  2 iguanas (D:4)
  Robin (D:2)
  5 gnolls (D:3)
  An ufetubus (D:5)
  4 worms
  3 dart slugs
  4 orcs (D:3)
  6 endoplasms
  4 giant cockroaches
  14 goblins
  7 hobgoblins
  6 jackals
  3 kobolds
  A quokka (D:4)
  4 ball pythons
  5 bats (D:1)
  11 frilled lizards
  A jackal skeleton (D:4)
  10 rats
104 creatures vanquished.

Vanquished Creatures (others)
  3 plants (D:4)
3 creatures vanquished.

Grand Total: 107 creatures vanquished

Notes
Turn   | Place    | Note
-------+----------+-------------------------------------------
     0 | Abyss:1  | polve the Demonspawn Abyssal Knight began the quest for the
                  | Orb.
     0 | Abyss:1  | Reached XP level 1. HP: 18/18 MP: 2/2
    86 | Abyss:2  | Noticed a thrashing horror
    87 | Abyss:2  | Noticed a thrashing horror
    88 | D:1      | Escaped the Abyss
   137 | D:1      | Reached skill level 2 in Long Blades
   140 | D:1      | Reached * piety under Lugonu
   418 | D:1      | Gained mutation: Your movements are slightly less
                  | encumbered by armour. (ER -2) [demonic ancestry]
   418 | D:1      | Reached XP level 2. HP: 24/24 MP: 3/3
  1283 | D:1      | Reached skill level 3 in Long Blades
  1716 | D:2      | Reached XP level 3. HP: 13/29 MP: 4/4
  1958 | D:2      | Found a radiant altar of Vehumet.
  1981 | D:2      | Noticed Jessica
  1988 | D:2      | Killed Jessica
  2055 | D:2      | Noticed Robin
  2114 | D:2      | Reached XP level 4. HP: 26/35 MP: 5/5
  2115 | D:2      | Reached skill level 4 in Long Blades
  2163 | D:2      | Killed Robin
  2477 | D:2      | Reached ** piety under Lugonu
  2713 | D:2      | Noticed Sigmund
  2740 | D:2      | Killed Sigmund
  2741 | D:2      | Reached skill level 5 in Long Blades
  2741 | D:2      | Reached XP level 5. HP: 21/41 MP: 6/6
  3138 | D:3      | Reached XP level 6. HP: 46/47 MP: 7/7
  3296 | D:3      | Reached skill level 6 in Long Blades
  3568 | D:3      | Noticed Natasha
  3580 | D:3      | Killed Natasha
  4121 | D:3      | Found a basalt altar of Yredelemnul.
  4123 | D:3      | Found a sacrificial altar of Ru.
  4138 | D:3      | Found a burning altar of Makhleb.
  4147 | D:3      | Noticed a green death
  4147 | D:3      | Noticed an angel
  4155 | D:3      | Found an opulent altar of Gozag.
  4383 | D:3      | Found a runed translucent door.
  4384 | D:3      | Noticed Crazy Yiuf
  4515 | D:3      | Killed Crazy Yiuf
  4813 | D:4      | Reached skill level 7 in Long Blades
  4836 | D:4      | Gained mutation: Your movements are less encumbered by
                  | armour. (ER -4) [demonic ancestry]
  4836 | D:4      | Reached XP level 7. HP: 52/52 MP: 8/8
  4847 | D:4      | Reached *** piety under Lugonu
  5182 | D:4      | Found a snail-covered altar of Cheibriados.
  5754 | D:4      | Learned a level 1 spell: Pain
  5759 | D:4      | Learned a level 4 spell: Animate Dead
  6019 | D:5      | Entered Level 5 of the Dungeon
  6041 | D:5      | Reached skill level 1 in Necromancy
  6042 | D:5      | Noticed a steam dragon
  6070 | D:5      | Killed from afar by a steam dragon

Illustrated notes

Levels and vault maps discovered:
D:1:      dpeg_arrival_leaves_temple_mockup, layout_basic, serial_forest,
          infiniplex_forest_lined_3, infiniplex_forest_end_2,
          infiniplex_forest_clump_cross, infiniplex_forest_clump_small
D:2:      layout_loops_ring, vehumet_crystals, uniq_jessica, uniq_robin,
          uniq_sigmund
D:3:      cheibrodos_pilgrimage, layout_basic, lemuel_crystal_altar,
          nicolae_overflow_hidden_temple,
          grunt_temple_overflow_order_and_chaos_2, minmay_hedge_maze,
          cheibrodos_gnoll_hut, uniq_natasha, uniq_crazy_yiuf_cottage
D:4:      layout_loops_corners, kennysheep_slug_shrine, serial_rivers,
          chequers_serial_rivers_large_b, chequers_serial_rivers_room_b,
          chequers_serial_rivers_micro_b, chequers_serial_rivers_room_a,
          chequers_serial_rivers_large_a, minmay_lizard_king
D:5:      layout_loops_ring, elyvilon_altar_5, serial_shops, shop,
          palyth_stone_intersect

Skill      XL: |  1  2  3  4  5  6  7 |
---------------+----------------------+-----
Long Blades    | 2 3 5 7 |  7.6
Necromancy     | 1 |  1.0
Fighting       | |  3.0
Armour         | |  1.7
Dodging        | |  0.8
Spellcasting   | |  0.4
Invocations    | |  2.4

Action                   |  1- 3 |  4- 6 |  7- 9 || total
-------------------------+-------+-------+-------++-------
Melee: Falchion          |    75 |       |       ||    75
       Dagger            |    22 |   182 |    73 ||   277
Invok: Depart the Abyss  |     1 |       |       ||     1
  Use: Potion            |     2 |     5 |     1 ||     8
       Scroll            |     1 |       |     4 ||     5
 Stab: Invisible         |       |     1 |       ||     1
Armor: Leather armour    |     6 |       |       ||     6
       Ring mail         |    26 |    23 |    18 ||    67
Dodge: Dodged            |    48 |    52 |    23 ||   123
       Rpst.: Falchion   |    13 |       |       ||    13

Table legend: (Time is in decaauts)
 A = Elapsed time spent in this place.
 B = Non-inter-level travel time spent in this place.
 C = Inter-level travel time spent in this place.
 D = Time resting spent in this place.
 E = Time spent auto-exploring this place.
 F = Levels seen in this place.
 G = Mean time per level.
                   A        B        C        D        E       F      G
               +--------+--------+--------+--------+--------+-----+--------+
         Total |   5987 |   5819 |    168 |      0 |   5134 |   7 |  855.3 |
       Dungeon |   5899 |   5731 |    168 |      0 |   5058 |   5 | 1179.8 |
         Abyss |     87 |     87 |      0 |      0 |     76 |   2 |   43.5 |
               +--------+--------+--------+--------+--------+-----+--------+

Top non-repeatable levels by time:
     D:1: 1626 daAuts
     D:3: 1621 daAuts
     D:2: 1379 daAuts
     D:4: 1225 daAuts
 Abyss:1: 73 daAuts
     D:5: 46 daAuts
 Abyss:2: 14 daAuts
